[Event "ICC tourney 2050 (75 10)"]
[Site "Internet Chess Club"]
[Date "2020.10.11"]
[Round "7"]
[White "lmperatorX"]
[Black "SkyAngel"]
[Result "0-1"]
[ICCResult "White resigns"]
[WhiteElo "2112"]
[BlackElo "2184"]
[Opening "Caro-Kann: Tartakower (Nimzovich) variation"]
[ECO "B15"]
[NIC "CK.06"]
[Time "18:34:13"]
[TimeControl "4500+10"]

1. e4 c6 2. d4 d5 3. Nc3 dxe4 4. Nxe4 Nf6 5. Nxf6+ exf6 6. c3 Bd6 7. Bd3 O-O
8. Ne2 Re8 9. Qc2 h5 10. Be3 Nd7 11. O-O-O Nf8 12. Nf4 Bxf4 13. Bxf4 Be6 14.
Kb1 b5 15. h4 Bd5 16. f3 g6 17. Rh3 Qd7 18. Rg1 Be6 19. g4 hxg4 20. Rhg3 f5
21. fxg4 fxg4 22. h5 gxh5 23. Rh1 Qd5 24. Be4 Qxe4 25. Qxe4 Bxa2+ 26. Kxa2
Rxe4 27. Be5 f6 28. Bxf6 Kf7 29. Bh4 Kg6 30. Rf1 Nd7 31. Rg2 Rf8 {White
resigns} 0-1

[Event "ICC tourney 2050 (75 10)"]
[Site "Internet Chess Club"]
[Date "2020.10.11"]
[Round "7"]
[White "HansNiemann"]
[Black "Aleksandrov73"]
[Result "1/2-1/2"]
[ICCResult "Game drawn by mutual agreement"]
[WhiteElo "2555"]
[BlackElo "2656"]
[Opening "Catalan: open, 5.Nf3"]
[ECO "E04"]
[NIC "CA.03"]
[Time "18:34:14"]
[TimeControl "4500+10"]

1. Nf3 Nf6 2. c4 e6 3. d4 d5 4. g3 dxc4 5. Bg2 Bb4+ 6. Bd2 a5 7. O-O O-O 8.
Qc2 Bxd2 9. Nbxd2 b5 10. a4 c6 11. b3 cxb3 12. Nxb3 Nd5 13. e4 Nb4 14. Qc3
Ba6 15. Nxa5 Qxa5 16. axb5 Qxb5 17. Rfb1 c5 18. dxc5 N8c6 19. Ne5 Qe2 20.
Nxc6 Nxc6 21. Bf1 Qxe4 22. Bg2 Qd3 23. Qxd3 Bxd3 24. Bxc6 Rac8 25. Rb6 g6
26. f4 Rc7 27. Rd1 Bc4 28. Rc1 Ba2 29. Rc2 Bb3 30. Rc3 Ba2 31. Bf3 Rfc8 32.
Rb5 Bd5 33. Bxd5 exd5 34. Kf2 d4 35. Rc4 d3 36. Ke3 Rd8 37. Rb1 d2 38. Rd1
Rd5 {Game drawn by mutual agreement} 1/2-1/2

[Event "ICC tourney 2050 (75 10)"]
[Site "Internet Chess Club"]
[Date "2020.10.11"]
[Round "7"]
[White "Blue-Elephant1"]
[Black "e4f5"]
[Result "0-1"]
[ICCResult "White resigns"]
[WhiteElo "2086"]
[BlackElo "2227"]
[Opening "King's Indian: Sämisch, 5...O-O"]
[ECO "E81"]
[NIC "KI.52"]
[Time "18:34:06"]
[TimeControl "4500+10"]

1. d4 Nf6 2. c4 g6 3. Nc3 Bg7 4. e4 d6 5. f3 O-O 6. Nge2 c5 7. d5 e6 8. Be3
exd5 9. cxd5 Na6 10. Ng3 Nc7 11. Be2 Nd7 12. O-O Rb8 13. a4 a6 14. Qd2 b5
15. axb5 axb5 16. f4 b4 17. Nd1 Nb5 18. Bxb5 Rxb5 19. Nf2 Ra5 20. e5 dxe5
21. f5 Nf6 22. Rxa5 Qxa5 23. Nfe4 Nxe4 24. Nxe4 gxf5 25. Nxc5 f4 26. Bf2 Rd8
27. Rd1 Bf8 28. Qc1 Qb5 29. g3 Bg4 30. Rd2 Rc8 31. d6 Qc6 32. gxf4 Bxd6 33.
fxe5 Bh3 34. Be3 Bxc5 {White resigns} 0-1

[Event "ICC tourney 2050 (75 10)"]
[Site "Internet Chess Club"]
[Date "2020.10.11"]
[Round "7"]
[White "MiamiBoy"]
[Black "creepycrawlies"]
[Result "1-0"]
[ICCResult "Black resigns"]
[WhiteElo "2154"]
[BlackElo "2126"]
[Opening "Sicilian: Najdorf"]
[ECO "B90"]
[NIC "SI.14"]
[Time "18:34:09"]
[TimeControl "4500+10"]

1. e4 c5 2. Nf3 d6 3. d4 cxd4 4. Nxd4 Nf6 5. Nc3 a6 6. f3 e5 7. Nb3 Be6 8.
Be3 Nbd7 9. Qd2 b5 10. O-O-O b4 11. Nd5 Bxd5 12. exd5 Nb6 13. Qxb4 Nfxd5 14.
Qd2 Be7 15. Kb1 Nxe3 16. Qxe3 O-O 17. f4 Bf6 18. Bd3 g6 19. f5 a5 20. h4 a4
21. Nd2 Rb8 22. fxg6 hxg6 23. Ne4 d5 24. Be2 Qe7 25. Nxf6+ Qxf6 26. Rdf1 Qg7
27. h5 e4 28. c3 a3 29. hxg6 Na4 30. gxf7+ Rxf7 31. Rxf7 Nxc3+ 32. Kc1 Nxe2+
33. Kd1 Kxf7 34. Qa7+ Kg6 35. Qxb8 Qd4+ 36. Ke1 Qe3 37. Qg8+ Kf6 38. Qf8+
Kg6 39. Qd6+ Kg7 40. Qe7+ Kg6 41. Qh7+ Kg5 42. Qh6+ {Black resigns} 1-0

[Event "ICC tourney 2050 (75 10)"]
[Site "Internet Chess Club"]
[Date "2020.10.11"]
[Round "7"]
[White "visdus"]
[Black "pangpangba"]
[Result "1-0"]
[ICCResult "Black resigns"]
[WhiteElo "2128"]
[BlackElo "1643"]
[Opening "Sicilian: Richter-Rauzer, Rauzer attack, 7...a6"]
[ECO "B66"]
[NIC "SI.29"]
[Time "18:34:11"]
[TimeControl "4500+10"]

1. e4 c5 2. Nf3 d6 3. d4 cxd4 4. Nxd4 Nf6 5. Nc3 Nc6 6. Bg5 e6 7. Qd2 a6 8.
O-O-O h6 9. Bh4 Nxe4 10. Qf4 Ng5 11. Nxc6 bxc6 12. Ne4 e5 13. Qe3 Be7 14.
Nxd6+ Bxd6 15. f4 Qc7 16. fxg5 hxg5 17. Qxg5 Be7 18. Qxg7 Rxh4 19. g3 Bf8
20. Qg8 Rh6 21. Bc4 Be6 22. Bxe6 Rxe6 23. h4 Ke7 24. Qg5+ Rf6 25. Kb1 Bh6
26. Qh5 Rd8 27. Rde1 Re6 28. Rhf1 Ke8 29. g4 Bg7 30. Qh7 Rg6 31. h5 Rxg4 32.
Qg8+ Ke7 33. Qxf7+ Kd6 34. Qb3 Rb8 35. Qd3+ Rd4 36. Qg6+ Kc5 37. h6 Qb6 38.
b3 Bh8 39. Qg1 Rd8 40. c3 Qc7 41. cxd4+ Rxd4 42. Rc1+ Kb4 43. Qg8 Qa5 44.
Rc4+ Ka3 45. Qf8+ c5 46. Rxc5 {Black resigns} 1-0

[Event "ICC tourney 2050 (75 10)"]
[Site "Internet Chess Club"]
[Date "2020.10.11"]
[Round "7"]
[White "Openyagami"]
[Black "helavir"]
[Result "1/2-1/2"]
[ICCResult "Game drawn by mutual agreement"]
[WhiteElo "2576"]
[BlackElo "2622"]
[Opening "Catalan: open, 5.Nf3"]
[ECO "E04"]
[NIC "CA.03"]
[Time "18:34:10"]
[TimeControl "4500+10"]

1. d4 d5 2. c4 e6 3. Nf3 Nf6 4. g3 dxc4 5. Bg2 c6 6. O-O b5 7. a4 Bb7 8. Ne5
a6 9. Nc3 Qc8 10. e4 Be7 11. d5 cxd5 12. axb5 dxe4 13. bxa6 Rxa6 14. Rxa6
Nxa6 15. Qa4+ Nd7 16. Be3 Nb8 17. Rd1 Bc6 18. Nxc6 Qxc6 19. Qxc6 Nxc6 20.
Bxe4 Ndb8 21. Nb5 O-O 22. Rc1 Na5 23. Bb6 Nb3 24. Rxc4 Nd2 25. Rd4 Nxe4 26.
Rxe4 Nd7 27. Ba7 Rc8 28. Re2 Nf6 29. Nc3 Bb4 30. Bd4 Bxc3 31. Bxc3 Nd5 32.
h4 h5 33. Kg2 Rc4 34. Re5 Nxc3 35. bxc3 Rxc3 36. Rxh5 f5 37. g4 fxg4 38. Rg5
Rc4 39. Kg3 Kf7 40. Rxg4 Rc3+ 41. f3 {Game drawn by mutual agreement}
1/2-1/2

[Event "ICC tourney 2050 (75 10)"]
[Site "Internet Chess Club"]
[Date "2020.10.11"]
[Round "7"]
[White "PawnEatingZombi"]
[Black "WonderZ"]
[Result "1-0"]
[ICCResult "Black resigns"]
[WhiteElo "2238"]
[BlackElo "2094"]
[Opening "King's Indian: Semi-Averbakh system"]
[ECO "E73"]
[NIC "KI.27"]
[Time "18:34:06"]
[TimeControl "4500+10"]

1. d4 Nf6 2. c4 g6 3. Nc3 Bg7 4. e4 d6 5. Be2 O-O 6. Be3 e5 7. d5 a5 8. g4
Na6 9. h4 Nc5 10. f3 h5 11. g5 Nh7 12. Qd2 Bd7 13. O-O-O Re8 14. Nh3 a4 15.
Nf2 Ra6 16. Nd3 b6 17. Nb4 Ra8 18. Bf1 Qc8 19. Qc2 Nf8 20. Nb5 Na6 21. Nxa6
Rxa6 22. Kd2 Ra5 23. Nc3 Kh8 24. Be2 Qd8 25. Rhg1 Qe7 26. Kc1 Raa8 27. Kb1
Kg8 28. Rg2 Reb8 29. Bd3 Qe8 30. Qe2 Qc8 31. Rc1 Kh8 32. Qc2 Kg8 33. Rg3 Be8
34. Bf1 Bd7 35. Rd1 Ra5 36. Rd2 Raa8 37. Rf2 a3 38. b3 Qe8 39. Bh3 Bxh3 40.
Rxh3 Ra5 41. Rh1 Nd7 42. Nb5 Qd8 43. Bc1 Rba8 44. b4 Ra4 45. Qb3 c5 46. dxc6
Nf8 47. Rd1 Ne6 48. Rxd6 Qc8 49. Rxe6 fxe6 50. c7 Bf8 51. Bd2 Qd7 52. Kc2
Qc6 53. Bc3 Be7 54. Rd2 Kh7 55. Rd3 Kg8 56. Qxa4 Rxa4 57. Rd8+ Bxd8 58.
cxd8=Q+ Kh7 59. Bxe5 {Black resigns} 1-0

[Event "ICC tourney 2050 (75 10)"]
[Site "Internet Chess Club"]
[Date "2020.10.11"]
[Round "7"]
[White "aplusk"]
[Black "MacDaddyMac"]
[Result "1-0"]
[ICCResult "Black resigns"]
[WhiteElo "2557"]
[BlackElo "2169"]
[Opening "Queen's pawn"]
[ECO "A40"]
[NIC "QO.17"]
[Time "18:34:06"]
[TimeControl "4500+10"]

1. d4 e6 2. Nf3 a6 3. e4 d5 4. Nc3 Nf6 5. e5 Nfd7 6. Ne2 c5 7. c3 Nc6 8. Nf4
Be7 9. h4 cxd4 10. cxd4 b5 11. Bd3 Qb6 12. Be3 Bb7 13. a3 Na5 14. Nh5 Bf8
15. g3 Nc4 16. Bc1 Qa5+ 17. Kf1 Rc8 18. b3 Qc3 19. Rb1 g6 20. Nf4 Nxa3 21.
Bd2 Nxb1 22. Bxc3 Nxc3 23. Qa1 Ne4 24. h5 g5 25. Ne2 h6 26. Kg2 Bb4 27. Nh2
Ke7 28. Ng4 f5 29. exf6+ Nexf6 30. Ne3 Rhf8 31. Nc2 Bd6 32. f3 Rc6 33. Ne3
Rg8 34. Qe1 Rcc8 35. Bg6 Nf8 36. Bb1 Kd7 37. Qd2 Ke7 38. g4 Rg7 39. Re1 Kd7
40. Nc1 Kd8 41. Nd3 N8d7 42. b4 Re7 43. Ba2 Ne8 44. Nc5 Nxc5 45. dxc5 Bf4
46. Qd3 Rcc7 47. Qg6 d4 48. Nd1 e5 49. Nf2 Rc6 50. Qd3 Nf6 51. Ne4 Rd7 52.
Nd6 Rdxd6 53. cxd6 Rc3 54. Qg6 Bxf3+ 55. Kf1 Ne8 56. Qe6 Bc6 57. Qe7+ Kc8
58. Be6+ Kb8 59. d7 Bxd7 60. Qxd7 Nc7 61. Bf5 Kb7 62. Be4+ Kb6 63. Qc8
{Black resigns}
1-0

[Event "ICC tourney 2050 (75 10)"]
[Site "Internet Chess Club"]
[Date "2020.10.11"]
[Round "7"]
[White "milindm"]
[Black "BlueJay01"]
[Result "1-0"]
[ICCResult "Black forfeits on time"]
[WhiteElo "2266"]
[BlackElo "2074"]
[Opening "QGD semi-Slav: Bogolyubov variation"]
[ECO "D46"]
[NIC "SL.08"]
[Time "18:34:16"]
[TimeControl "4500+10"]

1. d4 d5 2. c4 c6 3. Nf3 Nf6 4. e3 e6 5. Nc3 Nbd7 6. Bd3 Be7 7. O-O O-O 8.
e4 dxe4 9. Nxe4 b6 10. Bf4 Nxe4 11. Bxe4 Bb7 12. Qe2 Nf6 13. Bc2 c5 14. Rad1
Qe8 15. Rfe1 cxd4 16. Nxd4 Bb4 17. Bd2 Bxd2 18. Rxd2 Rd8 19. Red1 Qe7 20.
Qe5 Qc5 21. Qxc5 bxc5 22. Nb5 Rxd2 23. Rxd2 Ra8 24. f3 Kf8 25. Kf2 Ke7 26.
Ke3 a6 27. Nc3 Rb8 28. Ba4 h6 29. Ne2 Rd8 30. Rxd8 Kxd8 31. Nc3 Kc7 32. Bc2
Bc6 33. a3 Nd7 34. b4 cxb4 35. axb4 Nf6 36. Kd4 Nd7 37. c5 Nf6 38. Bd3 Kb7
39. Ke5 Ne8 40. Ne4 Bxe4 41. Bxe4+ Kc7 42. Bd3 Kb7 43. b5 axb5 44. Bxb5 Nc7
45. Ba4 Kc8 46. Kd6 Kd8 47. Kc6 Nd5 48. Kb7 {Black forfeits on time} 1-0

[Event "ICC tourney 2050 (75 10)"]
[Site "Internet Chess Club"]
[Date "2020.10.11"]
[Round "7"]
[White "Enamul"]
[Black "TjkTiger"]
[Result "1-0"]
[ICCResult "Black resigns"]
[WhiteElo "2499"]
[BlackElo "2583"]
[Opening "Sicilian: Alapin's variation (2.c3)"]
[ECO "B22"]
[NIC "SI.46"]
[Time "18:34:35"]
[TimeControl "4500+10"]

1. e4 c5 2. c3 d5 3. exd5 Qxd5 4. d4 g6 5. dxc5 Qxc5 6. Nf3 Bg7 7. Be2 Nf6
8. O-O O-O 9. Na3 Nc6 10. Qb3 e5 11. Be3 Qe7 12. Nc4 Nd5 13. Bg5 Qc5 14.
Nfd2 Nf4 15. Bf3 Na5 16. Nxa5 Qxa5 17. Ne4 Qc7 18. Rfd1 Be6 19. Qa3 Rfc8 20.
Bxf4 exf4 21. Nc5 Rcb8 22. Nxe6 fxe6 23. Qb3 Kf7 24. Re1 Re8 25. Re4 Re7 26.
Rae1 Rae8 27. Qa4 b6 28. Rxf4+ Bf6 29. Rfe4 Kg7 30. h4 Qc5 31. Qb3 Rd8 32.
Rc4 Qa5 33. a4 Rd2 34. Rd1 Rxd1+ 35. Qxd1 b5 36. axb5 Qxb5 37. Rb4 Qc5 38.
h5 a5 39. Rf4 Qg5 40. Re4 Qb5 41. hxg6 hxg6 42. Qc2 g5 43. Re1 Qf5 44. Be4
Qg4 45. Qa4 Qf4 46. Qxa5 Rd7 47. g3 Qd2 48. Qa1 Rf7 49. Qc1 Qd8 50. Qd1 Qb6
51. Qh5 Bxc3 52. Qxg5+ Kf8 53. Re2 Bxb2 54. Kg2 Bd4 55. f3 Bf6 56. Qg6 Qd4
57. Qh6+ Rg7 58. Bg6 Ke7 59. Bf5 e5 60. Rd2 Rxg3+ 61. Kxg3 Qg1+ 62. Rg2 Qe1+
63. Kg4 Qf1 64. Qd2 Qc4+ 65. Be4 Qg8+ 66. Kh5 Qe6 67. Rg4 Qf7+ 68. Bg6 Qe6
69. Qb4+ Kd8 70. Qa5+ Kd7 71. Qa7+ Kd8 72. Qb8+ Kd7 73. Qb7+ Kd8 74. Qf7 Qd6
75. Qe8+ Kc7 76. Rc4+ Kb6 77. Qa4 e4 78. Qb3+ {Black resigns} 1-0

[Event "ICC tourney 2050 (75 10)"]
[Site "Internet Chess Club"]
[Date "2020.10.11"]
[Round "7"]
[White "PeterProhaszka"]
[Black "profofchess"]
[Result "1-0"]
[ICCResult "Black forfeits on time"]
[WhiteElo "2641"]
[BlackElo "2298"]
[Opening "English opening"]
[ECO "A20"]
[NIC "EO.24"]
[Time "18:34:27"]
[TimeControl "4500+10"]

1. c4 e5 2. g3 Nc6 3. Bg2 Bc5 4. Nc3 a6 5. e3 Ba7 6. Nf3 d6 7. d4 exd4 8.
Nxd4 Nxd4 9. exd4 Ne7 10. O-O O-O 11. b3 Nf5 12. Ne2 Qf6 13. Bb2 Rb8 14. Qd2
Re8 15. Nf4 Qh6 16. Rfe1 Bd7 17. Rxe8+ Bxe8 18. Qa5 Nxd4 19. Bxd4 Bxd4 20.
Qxc7 Ba7 21. Re1 g5 22. Nd5 Kg7 23. Ne3 Qe6 24. Bxb7 Qd7 25. Qxd7 Bxd7 26.
Bxa6 Bxe3 27. Rxe3 Ra8 28. Bb5 Bxb5 29. cxb5 Rxa2 30. Rd3 Ra5 31. Rd5 f6 32.
b4 Ra4 33. Rd4 d5 34. Kg2 Kf7 35. b6 Ra6 36. Rxd5 Rxb6 37. Rd4 Ke6 38. Kf3
Rc6 39. Rd3 Rc4 40. Rb3 Kd6 41. b5 Kc7 42. b6+ Kb7 43. g4 Rf4+ 44. Kg3 Rc4
45. h4 h6 46. h5 Rc5 47. Re3 Rc6 48. Re7+ Kxb6 49. Rh7 Kc5 50. Rxh6 Kd5 51.
f4 Rc3+ 52. Kf2 Rc2+ 53. Ke3 Rc3+ 54. Ke2 Rc2+ 55. Kd3 Rg2 56. Rxf6 Rg3+ 57.
Ke2 Rxg4 58. Kf3 Rg1 59. Rf5+ Ke6 60. Rxg5 Rh1 61. Ra5 Kf6 62. Kg2 Rh4 63.
Kg3 Rh1 64. Rb5 Rg1+ 65. Kf3 Rf1+ 66. Ke3 Re1+ 67. Kf2 Rh1 68. Rg5 Rh4 69.
Kf3 Rh1 70. Kg2 Rh4 71. Kg3 Rh1 72. Rg6+ Kf5 73. Rh6 Rg1+ 74. Kf3 Rf1+ 75.
Kg3 Rg1+ 76. Kh2 Rg4 77. Rh8 Rh4+ 78. Kg3 Rh1 79. Rf8+ Ke6 80. Kg4 Ke7 81.
Ra8 Kf6 82. Ra6+ Kg7 83. h6+ Kh7 84. Kg5 Rg1+ 85. Kf5 Rb1 86. Re6 Ra1 87.
Ke5 Ra5+ 88. Ke4 Ra4+ 89. Kf3 Ra1 90. Kg4 Rg1+ 91. Kf5 Ra1 92. Kg5 Rg1+ 93.
Kf5 Rb1 94. Rf6 Re1 95. Rd6 Ra1 96. Rc6 Rb1 97. Ra6 Rc1 98. Kg4 Rg1+ 99. Kf3
Rf1+ 100. Ke4 Re1+ 101. Kf5 Rb1 102. Rd6 Ra1 103. Kg5 Rg1+ 104. Kf6 Kxh6
105. Kf7+ Kh7 106. f5 Rg7+ 107. Ke6 Rg1 108. Rd7+ {Black forfeits on time}
1-0